 Dungeon Crawl Stone Soup version 0.14.0-26-g1682e81 (webtiles) character file.

159396 Gravenous the Black Belt (level 17, -3/126 HPs)
             Began as an Octopode Monk on Apr 26, 2014.
             Slain by the 27-headed Lernaean hydra (10 damage)
             ... on Level 5 of the Swamp.
             The game lasted 02:37:44 (50994 turns).

Gravenous the Black Belt (Octopode Monk)           Turns: 50994, Time: 02:37:44

HP  -3/126       AC  6     Str 11      XL: 17   Next: 72%
MP  32/34        EV 32     Int 13      God:
Gold 781         SH 12     Dex 20      Spells:  6 memorised,  7 levels left

rFire  . . .     SeeInvis +     a - +5 rod of clouds (4/10)
rCold  + . .     Clarity  .     K - +0 buckler
rNeg   + . .     Conserve .     q - +2 hat
rPois  +         rCorr    .     z - amulet of the gourmand
rElec  .         rRot     .     r - ring of positive energy
SustAb + .       Spirit   .     s - ring of protection from magic
rMut   .         Warding  .     y - ring of sustain abilities
Gourm  +         Stasis   .     E - +3 ring of protection
MR     ++...                    J - ring of poison resistance
                                i - +6 ring of evasion
                                W - ring of protection from cold
                                G - ring of sustenance

@: about to teleport, very slightly contaminated, very resistant to hostile
enchantments, very stealthy
A: almost no armour, amphibious, 8 rings, constrict 8, camouflage 1, see
invisible, gelatinous body 1
a: no special abilities


You were on level 5 of the Swamp.
You were completely stuffed.

You visited 5 branches of the dungeon, and saw 33 of its levels.

You collected 3582 gold pieces.
You spent 2801 gold pieces at shops.

Inventory:

Armour
 q - a +2 hat (worn)
 K - a +0 buckler (worn)
Magical devices
 c - a wand of fireball (2)
 e - a wand of teleportation (2)
 g - a wand of paralysis (4)
 h - a wand of confusion (12)
 l - a wand of digging (11)
Comestibles
 b - 6 bread rations
 f - a pear
 k - a rambutan
 n - a chunk of giant leech flesh
 u - a choko
 A - a royal jelly
 P - a beef jerky
 X - 4 meat rations
 Y - a slice of pizza
Scrolls
 j - 7 scrolls of remove curse
 I - a scroll of fog
 S - 3 scrolls of identify
 Z - a scroll of magic mapping
Jewellery
 d - an uncursed ring of magical power
 i - a +6 ring of evasion (on tentacle)
 o - an uncursed ring of protection from magic
 p - an uncursed amulet of conservation
 r - a ring of positive energy (left tentacle)
 s - a ring of protection from magic (right tentacle)
 v - an uncursed ring of teleportation
 y - a ring of sustain abilities (on tentacle)
 z - an amulet of the gourmand (around mantle)
 E - a +3 ring of protection (on tentacle)
 G - a ring of sustenance (on tentacle)
 J - a ring of poison resistance (on tentacle)
 O - a cursed ring of positive energy
 W - a ring of protection from cold (on tentacle)
Potions
 m - 3 potions of heal wounds
 t - 6 potions of curing
 x - a potion of restore abilities
 N - a potion of haste
 T - a potion of berserk rage
Magical staves
 w - an uncursed staff of cold {unknown}
Miscellaneous
 R - a box of beasts
Rods
 a - a +5 rod of clouds (4/10) (weapon)
   (You acquired it on level 5 of the Lair of Beasts)
 B - a +2 rod of the swarm (11/11)
   (You acquired it on level 10 of the Dungeon)


   Skills:
 + Level 14.8 Fighting
 * Level 15.4 Dodging
 - Level 5.2 Stealth
 - Level 5.0 Shields
 - Level 16.1 Unarmed Combat
 - Level 2.0 Spellcasting
 - Level 5.0 Charms
 - Level 3.0 Translocations
 - Level 16.1 Evocations


You had 7 spell levels left.
You knew the following spells:

 Your Spells              Type           Power        Failure   Level  Hunger
a - Confusing Touch       Hex            #.........   24%         1    ##.....
b - Blink                 Tloc           N/A          12%         2    ###....
c - Repel Missiles        Chrm/Air       #.....       14%         2    ###....
d - Ozocubu's Armour      Chrm/Ice       #.........   28%         3    ####...
e - Regeneration          Chrm/Necr      #.........   28%         3    ####...
f - Song of Slaying       Chrm           ##......     6%          2    ###....


Dungeon Overview and Level Annotations

Branches:
Dungeon (15/15)            Temple (0/1) D:7             Orc (4/4) D:12
    Elf (0/3) Orc:4          Lair (8/8) D:10          Swamp (5/5) Lair:4
 Spider (1/5) Lair:5        Slime (0/6) Lair:6       Vaults (0/5) D:13
 Depths (0/5) D:15

Altars:
Cheibriados
Makhleb
Sif Muna
Trog
Vehumet

Shops:
D:6 }   D:12 ([*   D:13 (   D:14 }[   Orc:4 }%=*

Annotations:
D:9 Erolcha
Lair:5 exclusion: ice statue
Swamp:3 Louise, Mara
Swamp:4 exclusion: Roxanne, Roxanne
Swamp:5 Lernaean hydra


Innate Abilities, Weirdness & Mutations

You cannot wear most types of armour.
You are amphibious.
You can wear up to eight rings at the same time.
You can use your tentacles to constrict many enemies at once.
Your skin changes colour to match your surroundings (Stlth).
Your rubbery body absorbs attacks (AC +1).
You have supernaturally acute eyesight.


Message History

The 27-headed Lernaean hydra closely misses you.
The 27-headed Lernaean hydra bites you! x3
You block the 27-headed Lernaean hydra's attack.
The 27-headed Lernaean hydra bites you!
* * * LOW HITPOINT WARNING * * *
The 27-headed Lernaean hydra bites you!
* * * LOW HITPOINT WARNING * * *
The 27-headed Lernaean hydra bites you.
* * * LOW HITPOINT WARNING * * *
The 27-headed Lernaean hydra closely misses you.
Read which item? (? for menu, Esc to quit)
Okay, then.
Evoke which item? (* to show all) (? for menu, Esc to quit)
Okay, then.
Casting: Regeneration
Confirm with . or Enter, or press ? or * to list all spells.
You miscast Blink.
You are very lightly contaminated with residual magic.
You spin around.
The 27-headed Lernaean hydra bites you!
You die...

....8.%.(..##♣♣≈.≈≈.♣♣
≈.≈...#'####≈♣♣♣.♣♣♣♣
8≈≈......≈..≈♣ ♣.♣
.f≈..8≈..(.#≈♣ ♣.♣
..≈.....≈.≈'.♣ ♣.♣
≈.⌠§....f..#.♣ ♣.♣
....≈......'.♣ ♣.♣
.....8...8≈#≈♣ ♣.♣
8...8....≈≈.≈♣ ♣@♣
...≈≈.#.##.#≈♣ ♣D♣
8........≈[..♣ ♣§♣
......#%.≈...♣ ♣§♣
..........≈≈#♣ ♣§♣
......#§D..≈.♣ ♣§♣
..#'##.#!.≈≈#♣♣♣§♣
≈...≈≈≈###.#..%.§♣
♣♣♣♣♣♣♣♣ ♣♣♣♣♣♣♣♣♣


You could see the 27-headed Lernaean hydra.

Vanquished Creatures
  A thorn hunter (Swamp:5)
  Wiglaf (Swamp:4)
  Snorg (Lair:7)
  2 fire dragons
  An ice dragon (D:15)
  19 hydras
  2 ogre magi
  A rakshasa (D:15)
  3 shambling mangroves
  10 alligators
  8 death yaks
  4 orc high priests (Orc:4)
  3 centaur warriors
  2 very ugly things
  A skeletal warrior (D:13)
  2 catoblepae
  An orb spider (Spider:1)
  A deep elf knight (D:13)
  A spriggan druid (Swamp:5)
  An unseen horror (D:12)
  A swamp dragon (shapeshifter) (D:15)
  10 swamp dragons
  6 orc knights
  2 hill giants (D:15)
  Joseph (D:7)
  An orc sorcerer (Orc:4)
  A wolf spider (Spider:1)
  5 cyclopes
  A faun (D:12)
  A manticore (Lair:8)
  A griffon (Lair:8)
  A feature mimic (Lair:6)
  6 elephants (Lair:5)
  7 black mambas
  A sixfirhy (Orc:4)
  3 gargoyles
  An efreet (D:15)
  A kobold demonologist (D:11)
  A demonic crawler (Spider:1)
  8 fire drakes
  28 spiny frogs
  10 komodo dragons
  9 giant leeches
  A blue devil (Lair:5)
  5 trolls
  3 giant fireflies (Swamp:4)
  21 slime creatures
  A merfolk (D:9)
  5 two-headed ogres
  A queen bee (Lair:1)
  7 polar bears
  2 hydra skeletons
  19 bog bodies
  A boulder beetle (Lair:8)
  33 blink frogs
  16 ravens
  A formicid (D:8)
  The ghost of Gravenous the Chiller, an average OpIE (D:4)
  9 grizzly bears (Lair:8)
  4 thorn lotuses
  2 baby alligators (Swamp:3)
  10 sharks
  2 wraiths (D:15)
  5 spriggans
  5 trapdoor spiders
  8 ugly things
  9 basilisks
  A tengu conjurer (D:15)
  13 hippogriffs
  9 water elementals
  7 hungry ghosts
  A wyvern (Lair:8)
  A deep elf fighter (D:13)
  4 deep elf magi (D:13)
  4 shadows
  41 yaks
  Grum (Orc:1)
  2 tarantellas (Spider:1)
  2 hill giant skeletons (D:13)
  2 soldier ants
  6 wargs
  15 vampire mosquitoes
  Edmund (D:8)
  2 steam dragons (Lair:8)
  A necrophage (D:8)
  3 mottled dragons
  27 swamp worms
  6 hell hounds (Lair:8)
  33 wolves
  3 yellow wasps
  9 porcupines
  10 spiders
  14 swamp drakes
  Purgy (D:3)
  24 water moccasins
  6 black bears (Lair:8)
  6 ice beasts
  A tengu skeleton (D:13)
  43 orc warriors
  A boring beetle (Lair:6)
  23 ogres
  5 phantoms
  3 sky beasts
  12 centaurs
  7 giant goldfish
  4 big kobolds
  Duvessa (D:9)
  8 giant slugs
  17 crocodiles
  11 giant frogs
  22 killer bees
  A cyclops skeleton (D:11)
  7 scorpions
  A hippogriff skeleton (D:12)
  9 crimson imps
  6 electric eels
  Dowan (D:9)
  20 hounds
  A quasit (D:12)
  An elf zombie (D:7)
  2 centaur zombies
  3 goliath beetles
  32 orc priests
  A jelly (D:10)
  A giant frog skeleton (D:13)
  5 big fish
  31 orc wizards
  8 worker ants
  Natasha (D:4)
  10 orange rats
  9 iguanas
  Ijyb (D:3)
  19 sheep
  79 green rats
  22 adders
  7 giant mites
  An inept item mimic (D:5)
  6 worms
  13 white imps
  An orc skeleton (D:13)
  6 shadow imps
  An adder skeleton (D:7)
  A giant eyeball (D:9)
  7 giant geckos
  2 oozes
  189 orcs
  A ball python (D:1)
  21 bats
  10 giant cockroaches
  20 hobgoblins
  21 jackals
  41 kobolds
  20 quokkas
  6 giant newts
  3 giant spores
  21 goblins
  2 quokka skeletons (D:4)
  22 rats
  7 ballistomycetes
  4 fungi (Lair:8)
  6 plants
1465 creatures vanquished.

Vanquished Creatures (collateral kills)
  Harold (Lair:2)
  2 hydras
  A shambling mangrove (Swamp:3)
  A death yak (Lair:5)
  A centaur warrior (D:12)
  An orc high priest (Orc:4)
  A hill giant (D:15)
  An orc knight (Orc:4)
  2 cyclopes
  2 giant leeches (Lair:4)
  2 slime creatures (Swamp:4)
  5 ugly things (D:13)
  A shadow (D:15)
  A wyvern (D:15)
  A yak (Lair:5)
  A swamp drake (Swamp:3)
  3 orc warriors (Orc:4)
  2 giant slugs (Lair:3)
  2 killer bees (Lair:1)
  2 wights (D:10)
  5 orc priests (Orc:4)
  An orc wizard (Orc:4)
  An orange rat (Lair:4)
  6 orcs (Orc:4)
  2 jackals (Lair:6)
  A ballistomycete (D:10)
49 creatures vanquished.

Vanquished Creatures (others)
  A hill giant (D:13)
  2 vampire mosquitoes
  3 spiders (Orc:4)
  5 yellow wasps (Orc:4)
  5 scorpions
  13 killer bees
  A wight (D:10)
  A goliath beetle (Lair:4)
  16 worker ants
  4 worms
  An orc (Orc:1)
  3 butterflies
  18 fungi
  7 plants
80 creatures vanquished.

Grand Total: 1594 creatures vanquished

Notes
Turn   | Place    | Note
--------------------------------------------------------------
     0 | D:1      | Gravenous, the Octopode Monk, began the quest for the Orb.
     0 | D:1      | Reached XP level 1. HP: 16/16 MP: 1/1
   407 | D:1      | Reached XP level 2. HP: 21/21 MP: 2/2
   652 | D:1      | Reached XP level 3. HP: 14/26 MP: 3/3
  1634 | D:2      | Reached XP level 4. HP: 29/31 MP: 4/4
  1755 | D:2      | Found a radiant altar of Vehumet.
  2041 | D:3      | Reached skill level 5 in Unarmed Combat
  2297 | D:3      | Noticed Ijyb
  2347 | D:3      | Killed Ijyb
  2655 | D:3      | Reached XP level 5. HP: 36/36 MP: 5/5
  2699 | D:3      | Noticed Purgy
  2711 | D:3      | Killed Purgy
  2787 | D:3      | Found a bloodstained altar of Trog.
  2880 | D:3      | Reached XP level 6. HP: 32/43 MP: 6/6
  3238 | D:4      | Noticed Gravenous' ghost (average OpIE)
  3244 | D:4      | Killed Gravenous' ghost
  3244 | D:4      | Reached skill level 6 in Unarmed Combat
  3566 | D:4      | Reached skill level 5 in Stealth
  3566 | D:4      | Reached XP level 7. HP: 48/48 MP: 7/7
  4352 | D:4      | Noticed Natasha
  4373 | D:4      | Killed Natasha
  4474 | D:4      | Found a deep blue altar of Sif Muna.
  4497 | D:5      | Entered Level 5 of the Dungeon
  4530 | D:5      | Reached skill level 7 in Unarmed Combat
  4612 | D:5      | Reached XP level 8. HP: 24/54 MP: 8/8
  4895 | D:5      | Found a snail-covered altar of Cheibriados.
  5124 | D:5      | Reached skill level 5 in Dodging
  5315 | D:5      | Reached skill level 5 in Fighting
  5342 | D:5      | Got a polished cutlass
  5534 | D:5      | Identified the cursed -1,-1 cutlass of Uncertain Death {slice, +Blink rC+} (You took it off an orc on level 5 of the Dungeon)
  5614 | D:6      | Reached skill level 8 in Unarmed Combat
  5621 | D:6      | Found Phuog's Gadget Emporium.
  6267 | D:7      | Found a staircase to the Ecumenical Temple.
  6778 | D:7      | Noticed Joseph
  6802 | D:7      | Killed Joseph
  6802 | D:7      | Reached skill level 9 in Unarmed Combat
  6802 | D:7      | Reached XP level 9. HP: 62/62 MP: 9/9
  6918 | D:7      | Got a pitted sling
  6919 | D:7      | Identified the cursed -2,+7 sling "Atoss" {velocity, Str-5 Curse} (You found it on level 7 of the Dungeon)
  7265 | D:8      | Noticed Edmund
  7407 | D:8      | Reached skill level 10 in Unarmed Combat
  7626 | D:8      | Killed Edmund
  8329 | D:9      | Noticed Dowan
  8336 | D:9      | Noticed Duvessa
  8341 | D:9      | Killed Duvessa
  8479 | D:9      | Killed Dowan
  8531 | D:9      | Reached XP level 10. HP: 65/71 MP: 10/10
  8719 | D:9      | Noticed Erolcha
  9274 | D:10     | Entered Level 10 of the Dungeon
  9286 | D:10     | Found a staircase to the Lair.
  9316 | D:10     | Reached skill level 11 in Unarmed Combat
  9392 | Lair:1   | Entered Level 1 of the Lair of Beasts
  9955 | Lair:1   | Reached skill level 12 in Unarmed Combat
  9991 | Lair:1   | Reached XP level 11. HP: 25/78 MP: 11/11
 11536 | Lair:2   | Found a frozen archway.
 11681 | D:10     | Identified a scroll of acquirement
 11683 | D:10     | Identified a +2 rod of the swarm (11/11) (You acquired it on level 10 of the Dungeon)
 12131 | D:10     | Reached skill level 13 in Unarmed Combat
 13075 | D:11     | Noticed a seven-headed hydra
 13249 | D:12     | Found Cadwajang's Assorted Antiques.
 13252 | D:12     | Bought a glowing moonstone ring for 145 gold pieces
 13254 | D:12     | Bought a scroll of identify for 58 gold pieces
 13305 | D:12     | Found Neiwoz's Armour Shoppe.
 13343 | D:12     | Found a staircase to the Orcish Mines.
 13344 | D:12     | Found Midaolot's Weapon Shoppe.
 13352 | D:12     | Bought a +0 buckler for 76 gold pieces
 13527 | D:12     | Reached skill level 1 in Shields
 13728 | D:12     | Reached XP level 12. HP: 49/87 MP: 12/12
 14046 | D:12     | Noticed a centaur warrior
 14521 | Orc:1    | Entered Level 1 of the Orcish Mines
 15019 | Orc:2    | Noticed Grum
 15095 | Orc:1    | Killed Grum
 16322 | Orc:3    | Found a burning altar of Makhleb.
 16918 | D:13     | Found Doblel's Weapon Shop.
 16920 | D:13     | Noticed a four-headed hydra
 17118 | D:11     | Reached skill level 10 in Fighting
 17424 | Lair:2   | Reached skill level 14 in Unarmed Combat
 17653 | Lair:2   | Reached skill level 5 in Shields
 17730 | Lair:2   | Reached skill level 1 in Evocations
 17797 | Lair:2   | Noticed a seven-headed hydra
 18008 | Lair:2   | Noticed Harold
 18266 | Lair:2   | Killed Harold
 18811 | Lair:3   | Noticed an eight-headed hydra
 18819 | Lair:3   | Killed an eight-headed hydra
 19676 | Lair:3   | Reached XP level 13. HP: 72/93 MP: 18/20
 20087 | Lair:4   | Reached skill level 15 in Unarmed Combat
 20634 | Lair:4   | Reached skill level 5 in Evocations
 20813 | Lair:4   | Gained mutation: You have a fast metabolism. [potion of mutation]
 20813 | Lair:4   | Gained mutation: You have supernaturally acute eyesight. [potion of mutation]
 20813 | Lair:4   | Gained mutation: You have a pair of small antennae on your head. [potion of mutation]
 20814 | Lair:4   | Paralysed by a potion of paralysis for 2 turns
 21061 | Lair:4   | Found a staircase to the Swamp.
 21538 | Lair:5   | Found a hole to the Spider Nest.
 23752 | Lair:5   | Lost mutation: You have a fast metabolism. [potion of cure mutation]
 23752 | Lair:5   | Lost mutation: You have a pair of small antennae on your head. [potion of cure mutation]
 23769 | Lair:5   | Identified a +5 rod of clouds (10/10) (You acquired it on level 5 of the Lair of Beasts)
 25073 | Lair:6   | Found a hole to the Spider Nest.
 25082 | Lair:6   | Reached skill level 16 in Unarmed Combat
 25266 | Lair:6   | the hole to the Spider Nest was a mimic.
 25783 | Lair:6   | Found a staircase to the Slime Pits.
 26223 | Lair:1   | Learned a level 1 spell: Confusing Touch
 26226 | Lair:1   | Learned a level 2 spell: Blink
 26229 | Lair:1   | Learned a level 2 spell: Repel Missiles
 26298 | Lair:1   | Reached XP level 14. HP: 94/102 MP: 25/25
 26710 | Lair:7   | Noticed Snorg
 27179 | Lair:8   | Entered Level 8 of the Lair of Beasts
 27448 | Lair:8   | Reached skill level 10 in Dodging
 27470 | Lair:8   | Reached skill level 10 in Evocations
 28729 | Lair:7   | Killed Snorg
 29244 | Orc:4    | Entered Level 4 of the Orcish Mines
 29247 | Orc:4    | Found a staircase to the Elven Halls.
 29588 | Orc:4    | Reached skill level 1 in Spellcasting
 30915 | Orc:4    | Reached skill level 1 in Charms
 32980 | Orc:4    | Found Goobuet's General Store.
 32980 | Orc:4    | Found Styub's Gadget Emporium.
 32980 | Orc:4    | Found Klal's Jewellery Shoppe.
 32980 | Orc:4    | Found Kiawuun's Food Emporium.
 32999 | Orc:4    | Bought a +6 ring of evasion for 1014 gold pieces
 33196 | D:13     | Reached XP level 15. HP: 108/108 MP: 30/30
 33638 | D:13     | Noticed an ogre mage
 33642 | D:13     | Killed an ogre mage
 34525 | D:12     | Killed a centaur warrior
 35155 | D:13     | Killed a four-headed hydra
 35155 | D:13     | Reached skill level 5 in Charms
 35174 | D:13     | Found a gate to the Vaults.
 35270 | D:13     | Reached skill level 1 in Translocations
 35485 | D:14     | Found Woemp's Armour Boutique.
 35532 | D:14     | Found Chaannep's Gadget Emporium.
 35656 | D:14     | Reached skill level 15 in Evocations
 36049 | D:15     | Entered Level 15 of the Dungeon
 36533 | D:15     | Found a deep blue altar of Sif Muna.
 37932 | D:15     | Found a staircase to the Depths.
 38662 | Lair:1   | Learned a level 3 spell: Ozocubu's Armour
 38798 | Swamp:1  | Entered Level 1 of the Swamp
 38979 | Swamp:1  | Found a deep blue altar of Sif Muna.
 39270 | Swamp:1  | Reached XP level 16. HP: 107/116 MP: 33/33
 41338 | Swamp:3  | Noticed Louise
 41982 | Swamp:3  | Noticed Mara
 42336 | Swamp:4  | HP: 3/117 [slime creature (11)]
 42732 | Swamp:4  | Noticed Roxanne
 42881 | Swamp:4  | Noticed Wiglaf
 42891 | Swamp:4  | Learned a level 3 spell: Regeneration
 42909 | Swamp:4  | Killed Wiglaf
 44203 | Swamp:5  | Entered Level 5 of the Swamp
 46020 | Lair:8   | Reached XP level 17. HP: 124/124 MP: 34/34
 47566 | Lair:1   | Learned a level 2 spell: Song of Slaying
 47642 | D:12     | Bought a scroll of acquirement for 1508 gold pieces
 47933 | Spider:1 | Entered Level 1 of the Spider Nest
 48192 | Spider:1 | HP: 5/125 [disintegration (56)]
 49614 | Swamp:5  | Noticed the 27-headed Lernaean hydra
 50018 | Swamp:5  | Reached skill level 15 in Dodging
 50994 | Swamp:5  | Slain by the 27-headed Lernaean hydra

Action                   |  1- 3 |  4- 6 |  7- 9 | 10-12 | 13-15 | 16-18 || total
-------------------------+-------+-------+-------+-------+-------+-------++-------
Melee: Unarmed           |    71 |   102 |   346 |   943 |  1637 |  1067 ||  4166
       Rod               |       |       |       |       |     5 |     3 ||     8
 Cast: Confusing Touch   |       |       |       |       |    12 |     1 ||    13
       Repel Missiles    |       |       |       |       |     9 |     3 ||    12
       Ozocubu's Armour  |       |       |       |       |     1 |       ||     1
       Regeneration      |       |       |       |       |       |    14 ||    14
       Song of Slaying   |       |       |       |       |       |     3 ||     3
 Abil: Evoke Teleportati |       |       |     1 |       |       |       ||     1
Evoke: Wand              |       |       |     7 |    13 |    23 |     4 ||    47
       Rod               |       |       |       |    17 |   106 |    54 ||   177
  Use: Potion            |       |     4 |     9 |     6 |    16 |     3 ||    38
       Scroll            |       |     8 |    11 |     6 |    18 |    12 ||    55
 Stab: Sleeping          |     6 |     7 |    11 |    27 |    21 |     9 ||    81
       Distracted        |       |     1 |     3 |     3 |    10 |     3 ||    20
       Paralysed         |       |       |       |       |     2 |       ||     2
       Confused          |       |       |       |       |    14 |       ||    14
       Invisible         |       |       |       |       |     3 |       ||     3
